PL
ATLANTA SMOKE @ WIZARDING EXPRESS
08/02/2028
 
TOP OF THE 1ST
Atlanta Smoke batting - Pitching for Wizarding Express : RHP Kenny Koehler
Pitching: RHP Kenny Koehler
Batting: RHB Bartolo Morales 0-0: Ball
1-0: Foul Ball, location: 2F
1-1: Swinging Strike
1-2: Strikes out looking
Batting: LHB Bernardo Elías 0-0: Called Strike
0-1: Ground out 3-1 (Groundball, 34S)
Batting: LHB Albert Morán 0-0: Swinging Strike
0-1: Ball
1-1: Foul Ball, location: 2F
1-2: Reached on error, E8 (Flyball, 8LD)
Batting: SHB Valentín Guzmán 0-0: Called Strike
0-1: Ball
1-1: Fly out, F4 (Line Drive, 4)
Top of the 1st over - 0 run(s), 0 hit(s), 1 error(s), 1 left on base; Atlanta 0 - Wizarding 0
BOTTOM OF THE 1ST
Wizarding Express batting - Pitching for Atlanta Smoke : RHP Juan Pérez
Pitching: RHP Juan Pérez
Batting: RHB António Martínez 0-0: Called Strike
0-1: Foul Ball, location: 2F
0-2: Ball
1-2: Foul Ball, location: 2F
1-2: Ball
2-2: Foul Ball, location: 2F
2-2: Fly out, F7 (Flyball, 7LS)
Batting: LHB Ignacio Medine 0-0: Fly out, F9 (Line Drive, 89M)
Batting: LHB David Breitling 0-0: Called Strike
0-1: Ground out 1-3 (Groundball, P)
Bottom of the 1st over - 0 run(s), 0 hit(s), 0 error(s), 0 left on base; Atlanta 0 - Wizarding 0
TOP OF THE 2ND
Atlanta Smoke batting - Pitching for Wizarding Express : RHP Kenny Koehler
Batting: LHB Yataro Kodo 0-0: Ball
1-0: Ball
2-0: Called Strike
2-1: Fly out, F7 (Line Drive, 78M)
Batting: RHB Gabriel Maldonado 0-0: Ball
1-0: Ground out 6-3 (Groundball, 6)
Batting: SHB Melito Báez 0-0: Fly out, F7 (Line Drive, 7D)
Top of the 2nd over - 0 run(s), 0 hit(s), 0 error(s), 0 left on base; Atlanta 0 - Wizarding 0
BOTTOM OF THE 2ND
Wizarding Express batting - Pitching for Atlanta Smoke : RHP Juan Pérez
Batting: LHB Nathan Tanner 0-0: Ball
1-0: Foul Ball, location: 2F
1-1: Swinging Strike
1-2: Strikes out swinging
Batting: SHB Fernando Sánchez 0-0: Called Strike
0-1: SINGLE (Groundball, 34D)
Batting: LHB Ken Watanabe 0-0: Swinging Strike
0-1: Ball
1-1: Ball
2-1: Swinging Strike
2-2: Strikes out swinging
Batting: RHB Steve Dunn 0-0: Ball
1-0: Ball
2-0: Fielders Choice at 2nd, 6-4 (Groundball, 56)
Bottom of the 2nd over - 0 run(s), 1 hit(s), 0 error(s), 0 left on base; Atlanta 0 - Wizarding 0
TOP OF THE 3RD
Atlanta Smoke batting - Pitching for Wizarding Express : RHP Kenny Koehler
Batting: RHB Bobby Butterfield 0-0: Ball
1-0: Ground out 6-3 (Groundball, 6MS)
Batting: RHB Gerardo Castillo 0-0: Ground out 6-3 (Groundball, 6)
Batting: RHB Bartolo Morales 0-0: SINGLE (Groundball, 3) (infield hit)
Batting: LHB Bernardo Elías 0-0: Called Strike
0-1: Ball
1-1: Foul Ball, location: 2F
1-2: Foul Ball, location: 2F
1-2: SINGLE (Groundball, 4MD)
Bartolo Morales to second
Runner from 2nd tries for 3rd, SAFE, no throw
Batting: LHB Albert Morán 0-0: Swinging Strike
0-1: Hit by Pitch
Bernardo Elías to second
Batting: SHB Valentín Guzmán 0-0: Foul Ball, location: 2F
0-1: SINGLE (Groundball, 3D)
Bartolo Morales scores
Bernardo Elías to third
Albert Morán to second
Runner from 3rd tries for Home, SAFE, throw made home
Albert Morán to third
Valentín Guzmán to second
Batting: LHB Yataro Kodo 0-0: Called Strike
0-1: Ball
1-1: Called Strike
1-2: Ball
2-2: Ball
3-2: Foul Ball, location: 2F
3-2: SINGLE (Flyball, 78S)
Albert Morán scores
Valentín Guzmán to third
Valentín Guzmán scores
Batting: RHB Gabriel Maldonado 0-0: Called Strike
0-1: Ball
1-1: Foul Ball, location: 2F
1-2: Ball
2-2: Strikes out swinging
Top of the 3rd over - 4 run(s), 4 hit(s), 0 error(s), 1 left on base; Atlanta 4 - Wizarding 0
BOTTOM OF THE 3RD
Wizarding Express batting - Pitching for Atlanta Smoke : RHP Juan Pérez
Batting: RHB Cole Shaffer 0-0: Called Strike
0-1: Swinging Strike
0-2: Ball
1-2: Ball
2-2: Fly out, F8 (Flyball, 8LD)
Batting: LHB José Corona 0-0: Ground out 4-3 (Groundball, 4S)
Batting: RHB António Martínez 0-0: Ball
1-0: Called Strike
1-1: Ball
2-1: Ball
3-1: Foul Ball, location: 2F
3-2: Strikes out swinging
Bottom of the 3rd over - 0 run(s), 0 hit(s), 0 error(s), 0 left on base; Atlanta 4 - Wizarding 0
TOP OF THE 4TH
Atlanta Smoke batting - Pitching for Wizarding Express : RHP Kenny Koehler
Batting: SHB Melito Báez 0-0: Foul Ball, location: 2F
0-1: Ball
1-1: Ball
2-1: Foul Ball, location: 2F
2-2: Ball
3-2: Strikes out swinging
Batting: RHB Bobby Butterfield 0-0: Ball
1-0: Called Strike
1-1: Ball
2-1: SINGLE (Line Drive, 7LS)
Batting: RHB Gerardo Castillo 0-0: Ball
1-0: Called Strike
Bobby Butterfield steals 2nd base
1-1: Ball
2-1: Ball
3-1: Foul Ball, location: 2F
3-2: Strikes out swinging
Batting: RHB Bartolo Morales 0-0: Ground out 5-3 (Groundball, 56)
Top of the 4th over - 0 run(s), 1 hit(s), 0 error(s), 1 left on base; Atlanta 4 - Wizarding 0
BOTTOM OF THE 4TH
Wizarding Express batting - Pitching for Atlanta Smoke : RHP Juan Pérez
Batting: LHB Ignacio Medine 0-0: Ball
1-0: SINGLE (Groundball, 4MD)
Batting: LHB David Breitling 0-0: Fly out, F9 (Flyball, 9S)
Batting: LHB Nathan Tanner 0-0: Ball
1-0: Fielders Choice at 2nd, 3-6 (Groundball, 3)
Batting: SHB Fernando Sánchez 0-0: Ball
1-0: 2-RUN HOME RUN (Flyball, 9LD), Distance : 332 ft
Batting: LHB Ken Watanabe 0-0: Ball
1-0: Ground out 4-3 (Groundball, 4)
Bottom of the 4th over - 2 run(s), 2 hit(s), 0 error(s), 0 left on base; Atlanta 4 - Wizarding 2
TOP OF THE 5TH
Atlanta Smoke batting - Pitching for Wizarding Express : RHP Kenny Koehler
Batting: LHB Bernardo Elías 0-0: Ball
1-0: Called Strike
1-1: TRIPLE (Flyball, 78XD)
Batting: LHB Albert Morán 0-0: Foul Ball, location: 2F
0-1: Foul Ball, location: 2F
0-2: Ball
1-2: Ball
2-2: Foul Ball, location: 2F
2-2: Foul Ball, location: 2F
2-2: Foul Ball, location: 2F
2-2: SINGLE (Groundball, 34D)
Bernardo Elías scores
Batting: SHB Valentín Guzmán 0-0: Ball
1-0: SINGLE (Line Drive, 89S)
Albert Morán to second
Batting: LHB Yataro Kodo 0-0: Ball
1-0: Fly out, F8 (Line Drive, 89D)
Runner from 2nd tags up, SAFE at 3rd, no throw
Batting: RHB Gabriel Maldonado 0-0: Ball
1-0: 3-RUN HOME RUN (Flyball, 7LD), Distance : 341 ft
Pitching: RHP Travis Carson
Batting: SHB Melito Báez 0-0: Ground out 4-3 (Groundball, 4)
Batting: RHB Bobby Butterfield 0-0: Called Strike
0-1: Foul Ball, location: 2F
0-2: Ball
1-2: Ball
2-2: Ball
3-2: Strikes out swinging
Top of the 5th over - 4 run(s), 4 hit(s), 0 error(s), 0 left on base; Atlanta 8 - Wizarding 2
BOTTOM OF THE 5TH
Wizarding Express batting - Pitching for Atlanta Smoke : RHP Juan Pérez
Batting: RHB Steve Dunn 0-0: Called Strike
0-1: Ball
1-1: Ball
2-1: Ball
3-1: Swinging Strike
3-2: Fly out, F9 (Flyball, 89S)
Batting: RHB Cole Shaffer 0-0: Ball
1-0: Called Strike
1-1: Ball
2-1: Fly out, F7 (Flyball, 7D)
Batting: LHB José Corona 0-0: Swinging Strike
0-1: Called Strike
0-2: Ball
1-2: Hit by Pitch
Batting: RHB António Martínez 0-0: Ball
1-0: Ball
2-0: Called Strike
2-1: SINGLE (Groundball, 6MD)
José Corona to second
Runner from 2nd tries for 3rd, SAFE, no throw
Batting: LHB Ignacio Medine 0-0: Ball
1-0: Ball
2-0: SINGLE (Line Drive, 4D)
José Corona scores
António Martínez to second
Runner from 2nd tries for 3rd, SAFE, no throw
Batting: LHB David Breitling 0-0: Ball
1-0: Foul Ball, location: 2F
1-1: Called Strike
1-2: Ball
Wild Pitch!
António Martínez scores
Ignacio Medine to second
2-2: Ground out 5-3 (Groundball, 56S)
Bottom of the 5th over - 2 run(s), 2 hit(s), 0 error(s), 1 left on base; Atlanta 8 - Wizarding 4
TOP OF THE 6TH
Atlanta Smoke batting - Pitching for Wizarding Express : RHP Travis Carson
Batting: RHB Gerardo Castillo 0-0: Ball
1-0: Called Strike
1-1: Foul Ball, location: 2F
1-2: Ball
2-2: Strikes out swinging
Batting: RHB Bartolo Morales 0-0: Fly out, F4 (Line Drive, 4)
Batting: LHB Bernardo Elías 0-0: DOUBLE (Line Drive, 9LS)
Batting: LHB Albert Morán 0-0: Ball
1-0: Foul Ball, location: 2F
1-1: Ball
2-1: Ball
3-1: Base on Balls
Batting: SHB Valentín Guzmán 0-0: Ball
1-0: Called Strike
1-1: Called Strike
1-2: Ball
2-2: Fly out, F9 (Line Drive, 89S)
Top of the 6th over - 0 run(s), 1 hit(s), 0 error(s), 2 left on base; Atlanta 8 - Wizarding 4
BOTTOM OF THE 6TH
Wizarding Express batting - Pitching for Atlanta Smoke : RHP Juan Pérez
Batting: LHB Nathan Tanner 0-0: Foul Ball, location: 2F
0-1: Ball
1-1: SOLO HOME RUN (Flyball, 9D), Distance : 446 ft
Batting: SHB Fernando Sánchez 0-0: SINGLE (Line Drive, 34D)
Batting: LHB Ken Watanabe 0-0: Foul Ball, location: 2F
0-1: Ball
1-1: Ball
2-1: Bunted foul
2-2: Fielders Choice at 2nd, 6-4 (Groundball, 56)
Batting: RHB Steve Dunn 0-0: Foul Ball, location: 2F
0-1: Swinging Strike
0-2: Ball
1-2: SINGLE (Groundball, 6D)
Ken Watanabe to second
Batting: RHB Cole Shaffer 0-0: Ball
1-0: Ball
2-0: Fielders Choice at 2nd, 5-4 (Groundball, 56)
Ken Watanabe to third
Batting: LHB José Corona 0-0: Ball
1-0: Ball
2-0: Ball
3-0: Called Strike
3-1: Foul Ball, location: 2F
3-2: DOUBLE (Line Drive, 9LM)
Ken Watanabe scores
Cole Shaffer to third
Cole Shaffer scores
Pitching: RHP Bruce Hamilton
Batting: RHB António Martínez 0-0: Called Strike
0-1: Swinging Strike
0-2: Ball
1-2: Ball
2-2: Fly out, F7 (Flyball, 78D)
Bottom of the 6th over - 3 run(s), 4 hit(s), 0 error(s), 1 left on base; Atlanta 8 - Wizarding 7
TOP OF THE 7TH
Atlanta Smoke batting - Pitching for Wizarding Express : RHP Travis Carson
Batting: LHB Yataro Kodo 0-0: Ball
1-0: Ball
2-0: Ball
3-0: Called Strike
3-1: Foul Ball, location: 2F
3-2: SINGLE (Groundball, 4MD)
Batting: RHB Gabriel Maldonado 0-0: Bunted foul
0-1: Sac Bunt - play at second, runner OUT! 1-6
Batting: SHB Melito Báez 0-0: Called Strike
0-1: Called Strike
0-2: Ball
1-2: SINGLE (Line Drive, 89S)
Gabriel Maldonado to second
Batting: RHB Bobby Butterfield 0-0: Called Strike
0-1: Ball
1-1: Ball
2-1: SINGLE (Groundball, 6M) (infield hit)
Gabriel Maldonado to third
Melito Báez to second
Batting: RHB Gerardo Castillo 0-0: Swinging Strike
0-1: Called Strike
0-2: Grounds into double play, 6-2-3 (Groundball, 6S)
Top of the 7th over - 0 run(s), 3 hit(s), 0 error(s), 2 left on base; Atlanta 8 - Wizarding 7
BOTTOM OF THE 7TH
Wizarding Express batting - Pitching for Atlanta Smoke : RHP Bruce Hamilton
Batting: LHB Ignacio Medine 0-0: Foul Ball, location: 2F
0-1: SINGLE (Line Drive, 4D)
Batting: LHB David Breitling 0-0: Ball
1-0: Ball
2-0: Foul Ball, location: 2F
2-1: Ball
3-1: Base on Balls
Ignacio Medine to second
Batting: LHB Nathan Tanner 0-0: Called Strike
0-1: Ball
1-1: Fly out, F9 (Flyball, 89M)
Batting: SHB Fernando Sánchez 0-0: Called Strike
0-1: Ball
1-1: Foul Ball, location: 2F
1-2: Grounds into double play, 4-6-3 (Groundball, 4)
Bottom of the 7th over - 0 run(s), 1 hit(s), 0 error(s), 1 left on base; Atlanta 8 - Wizarding 7
TOP OF THE 8TH
Atlanta Smoke batting - Pitching for Wizarding Express : RHP Travis Carson
Batting: RHB Bartolo Morales 0-0: Called Strike
0-1: Fly out, F9 (Flyball, 9LM)
Batting: LHB Bernardo Elías 0-0: Ball
1-0: Ground out 6-3 (Groundball, 6M)
Batting: LHB Albert Morán 0-0: SINGLE (Line Drive, 4MD)
Batting: SHB Valentín Guzmán 0-0: Ball
1-0: Ball
2-0: Foul Ball, location: 2F
2-1: Ball
Albert Morán is caught stealing 2nd base
Top of the 8th over - 0 run(s), 1 hit(s), 0 error(s), 0 left on base; Atlanta 8 - Wizarding 7
BOTTOM OF THE 8TH
Wizarding Express batting - Pitching for Atlanta Smoke : RHP Bruce Hamilton
Pitching: LHP Corbin Jameson
Batting: LHB Ken Watanabe 0-0: Ball
1-0: Foul Ball, location: 2F
1-1: SOLO HOME RUN (Flyball, 8RXD), Distance : 439 ft
Batting: RHB Steve Dunn 0-0: Ball
1-0: Called Strike
1-1: Ball
2-1: Ground out 6-3 (Groundball, 6M)
Batting: RHB Cole Shaffer 0-0: Ball
1-0: Ball
2-0: Called Strike
2-1: Called Strike
2-2: Strikes out swinging
Batting: LHB José Corona 0-0: Called Strike
0-1: Called Strike
0-2: Ball
1-2: Ball
2-2: Ground out 5-3 (Groundball, 56S)
Bottom of the 8th over - 1 run(s), 1 hit(s), 0 error(s), 0 left on base; Atlanta 8 - Wizarding 8
TOP OF THE 9TH
Atlanta Smoke batting - Pitching for Wizarding Express : RHP Travis Carson
Pitching: LHP Eijiro Takahashi
Batting: SHB Valentín Guzmán 0-0: Ball
1-0: Ground out 6-3 (Groundball, 6)
Batting: LHB Yataro Kodo 0-0: Called Strike
0-1: Fly out, F7 (Flyball, 78XD)
Batting: RHB Gabriel Maldonado 0-0: Called Strike
0-1: Called Strike
0-2: Ball
1-2: Strikes out swinging
Top of the 9th over - 0 run(s), 0 hit(s), 0 error(s), 0 left on base; Atlanta 8 - Wizarding 8
BOTTOM OF THE 9TH
Wizarding Express batting - Pitching for Atlanta Smoke : LHP Corbin Jameson
Pitching: RHP Iván García
Batting: RHB António Martínez 0-0: Ball
1-0: Ball
2-0: Foul Ball, location: 2F
2-1: Foul Ball, location: 2F
2-2: Strikes out swinging
Batting: LHB Ignacio Medine 0-0: Foul Ball, location: 2F
0-1: Called Strike
0-2: Ball
1-2: Fly out, F9 (Flyball, 9)
Batting: LHB David Breitling 0-0: Fly out, F9 (Flyball, 9S)
Bottom of the 9th over - 0 run(s), 0 hit(s), 0 error(s), 0 left on base; Atlanta 8 - Wizarding 8
TOP OF THE 10TH
Atlanta Smoke batting - Pitching for Wizarding Express : LHP Eijiro Takahashi
Pinch Hitting: RHB Alfredo Méndez 0-0: Ball
1-0: Ball
2-0: Foul Ball, location: 2F
2-1: Swinging Strike
2-2: SINGLE (Line Drive, 56D)
Batting: RHB Bobby Butterfield 0-0: Sac Bunt - play at first, batter OUT! 5-4
Alfredo Méndez to second
Batting: RHB Gerardo Castillo 0-0: Ball
1-0: Called Strike
1-1: Ball
2-1: Ball
3-1: Foul Ball, location: 2F
3-2: Strikes out swinging
Batting: RHB Bartolo Morales 0-0: Ball
1-0: Ball
2-0: Fly out, F9 (Flyball, 9S)
Top of the 10th over - 0 run(s), 1 hit(s), 0 error(s), 1 left on base; Atlanta 8 - Wizarding 8
BOTTOM OF THE 10TH
Wizarding Express batting - Pitching for Atlanta Smoke : RHP Iván García
Now at SS: Alfredo Méndez
Batting: LHB Nathan Tanner 0-0: Ball
1-0: Called Strike
1-1: Ground out 5-3 (Groundball, 5)
Batting: SHB Fernando Sánchez 0-0: Ball
1-0: Ball
2-0: Foul Ball, location: 2F
2-1: Swinging Strike
2-2: Strikes out swinging
Batting: LHB Ken Watanabe 0-0: Called Strike
0-1: Ball
1-1: Ball
2-1: Ball
3-1: Foul Ball, location: 2F
3-2: Strikes out swinging
Bottom of the 10th over - 0 run(s), 0 hit(s), 0 error(s), 0 left on base; Atlanta 8 - Wizarding 8
TOP OF THE 11TH
Atlanta Smoke batting - Pitching for Wizarding Express : LHP Eijiro Takahashi
Pitching: RHP Juan Cantú
Batting: LHB Bernardo Elías 0-0: Ball
1-0: Fly out, F4 (Popup, 4D)
Batting: LHB Albert Morán 0-0: Ball
1-0: SINGLE (Groundball, 34) (infield hit)
Batting: SHB Valentín Guzmán 0-0: Ball
1-0: Called Strike
1-1: Called Strike
Albert Morán is caught stealing 2nd base
1-2: Foul Ball, location: 2F
1-2: Strikes out looking
Top of the 11th over - 0 run(s), 1 hit(s), 0 error(s), 0 left on base; Atlanta 8 - Wizarding 8
BOTTOM OF THE 11TH
Wizarding Express batting - Pitching for Atlanta Smoke : RHP Iván García
Pitching: RHP Manny Amici
Pinch Hitting: LHB António Boccanegra 0-0: Ground out U3 (Groundball, 3)
Batting: RHB Cole Shaffer 0-0: Ball
1-0: Called Strike
1-1: Foul Ball, location: 2F
1-2: Foul Ball, location: 2F
1-2: Ball
2-2: Foul Ball, location: 2F
2-2: Foul Ball, location: 2F
2-2: Ball
3-2: SINGLE (Groundball, 34D)
Batting: LHB José Corona 0-0: Called Strike
0-1: Swinging Strike
0-2: Ball
1-2: Foul Ball, location: 2F
1-2: Ball
2-2: Ball
3-2: Foul Ball, location: 2F
3-2: Base on Balls
Cole Shaffer to second
Batting: RHB António Martínez 0-0: Ball
1-0: Called Strike
1-1: Swinging Strike
1-2: Ball
2-2: Foul Ball, location: 2F
2-2: Strikes out looking
Batting: LHB Ignacio Medine 0-0: Foul Ball, location: 2F
0-1: SINGLE (Groundball, 4D)
Cole Shaffer to third
José Corona to second
Runner from 3rd tries for Home, SAFE, no throw
Tuesday, August 22nd, 2017 - OOTP Baseball 17.12 Build 75